Map: Romanticide LE

Players

ViBE - Winner!

  • Race: Protoss Protoss
  • League: Silver
  • Spawn Location: 11:00

AlwaysSunny

  • Race: Zerg Zerg
  • League: Platinum
  • Spawn Location: 5:00

VOD

https://youtu.be/Ft0Ze6bg0C0?list=PLFeZeom2b4DnD3FIu7pzkXl51JX_WWz2h&t=14467

Description

Zerg (Diamond) ALWAYSSUNNY: Aggressive early harass, no direct fights, only counterattacks and prevention of Protoss expansion
Map: Romanticide LE

Time

  • Played on: March 18, 2021, 10:56 p.m.
  • Length: 34:24
Show
View Real Time Build Order
Export as new Build Order

ViBE Protoss - Winner!

Build Orders: 1 Gate Expand, Archon Immortal 

Get SALT Encoding   

  12  0:01  Probe  
  13  0:13  Probe  
  14  0:20  Pylon  
  14  0:25  Probe  
  15  0:39  Probe (Chrono Boost)  
  15  0:40  Gateway  
  16  0:48  Assimilator  
  17  0:51  Probe (Chrono Boost)  
  17  0:56  Probe (Chrono Boost)  
  18  1:05  Probe  
  19  1:20  Probe  
  20  1:28  Nexus  
  20  1:33  Probe  
  21  1:40  Cybernetics Core  
  21  1:45  Probe  
  22  1:48  Assimilator  
  22  1:57  Probe  
  22  1:58  Pylon  
  23  2:18  Probe (Chrono Boost)  
  23  2:19  Stalker  
  23  2:20  Warp Gate  
  27  2:30  Probe (Chrono Boost)  
  27  2:35  Probe (Chrono Boost)  
  28  2:38  Robotics Facility  
  28  2:42  Probe  
  29  2:44  Probe  
  29  2:45  Gateway  
  30  2:54  Probe (Chrono Boost), Sentry  
  33  3:01  Probe (Chrono Boost)  
  35  3:06  Probe (Chrono Boost)  
  35  3:11  Probe (Chrono Boost)  
  36  3:13  Probe (Chrono Boost)  
  36  3:15  Pylon  
  36  3:16  Probe (Chrono Boost)  
  38  3:20  Probe, Stalker  
  41  3:30  Immortal  
  45  3:35  Probe x2  
  47  3:47  Probe  
  47  3:48  Probe  
  49  3:56  Stalker x2  
  49  4:00  Probe  
  54  4:08  Pylon  
  54  4:12  Pylon  
  54  4:24  Probe  
  54  4:33  Immortal  
  54  4:34  Probe  
  54  4:36  Probe, Stalker  
  54  4:37  Nexus  
  54  4:38  Stalker  
  64  4:41  Pylon  
  64  4:44  Pylon  
  64  4:50  Probe x2 (Chrono Boost)  
  66  4:56  Assimilator x2  
  68  5:00  Probe x2 (Chrono Boost)  
  68  5:05  Probe x2 (Chrono Boost)  
  70  5:07  Stalker x2  
  70  5:12  Immortal  
  78  5:16  Probe (Chrono Boost)  
  78  5:17  Probe (Chrono Boost)  
  78  5:19  Pylon  
  80  5:25  Pylon  
  80  5:29  Pylon, Probe (Chrono Boost)  
  80  5:30  Probe (Chrono Boost)  
  82  5:37  Stalker x2  
  82  5:41  Probe (Chrono Boost)  
  88  5:47  Probe (Chrono Boost)  
  88  5:49  Probe (Chrono Boost)  
  89  5:52  Immortal  
  89  5:53  Probe (Chrono Boost)  
  89  5:54  Probe (Chrono Boost)  
  89  5:55  Probe  
  96  6:01  Stalker x2  
  100  6:05  Probe  
  100  6:06  Probe  
  100  6:07  Probe  
  103  6:13  Gateway  
  103  6:15  Gateway  
  103  6:18  Gateway  
  103  6:19  Gateway  
  103  6:27  Probe x2  
  103  6:28  Probe  
  106  6:33  Stalker x2  
  110  6:41  Assimilator x2  
  110  6:42  Immortal  
  110  6:44  Probe x3  
  117  6:56  Nexus, Probe x3  
  117  6:58  Pylon  
  120  7:04  Pylon  
  120  7:08  Probe x3  
  123  7:10  Stalker  
  125  7:19  Pylon  
  125  7:24  Pylon x2  
  125  7:29  Pylon  
  125  7:36  Stalker  
  127  7:37  Stalker x3  
  127  7:38  Stalker x2  
  137  7:55  Twilight Council  
  137  7:56  Forge, Immortal  
  135  7:59  Probe x3, Forge  
  138  8:07  Nexus  
  138  8:12  Probe  
  139  8:13  Probe x2  
  139  8:15  Nexus  
  141  8:31  Templar Archives  
  141  8:37  Protoss Ground Weapons Level 1 (Chrono Boost)  
  141  8:38  Protoss Shields Level 1 (Chrono Boost), Probe x3  
  141  8:39  Stalker  
  141  8:40  Stalker x4  
  141  8:41  Stalker  
  156  8:42  Immortal  
  160  9:01  Pylon  
  160  9:03  Pylon  
  159  9:11  High Templar  
  159  9:12  High Templar x3  
  159  9:13  High Templar x2  
  159  9:15  Nexus  
  159  9:16  Probe x2  
  173  9:19  Probe, Archon  
  173  9:20  Archon x2  
  174  9:25  Immortal  
  178  9:31  Assimilator  
  178  9:34  Assimilator  
  177  9:45  Stalker  
  177  9:46  Stalker x4  
  177  9:47  Stalker  
  177  9:52  Nexus  
  189  10:14  Pylon  
  189  10:18  Pylon  
  188  10:39  Nexus  
  188  10:40  Pylon  
  188  10:49  Protoss Ground Weapons Level 2 (Chrono Boost)  
  188  10:50  Protoss Shields Level 2 (Chrono Boost), Observer  
  188  10:53  Stalker x4  
  188  10:54  Stalker  
  199  11:01  Dark Shrine  
  182  11:18  Nexus  
  170  11:19  Immortal (Chrono Boost)  
  170  11:20  Pylon  
  170  11:21  Stalker  
  170  11:22  Stalker x3  
  170  11:23  Stalker x2  
  177  11:28  Nexus, Probe x2  
  177  11:31  Pylon  
  165  11:41  Gateway  
  165  11:42  Gateway  
  153  11:51  Immortal (Chrono Boost)  
  143  12:13  Probe  
  139  12:23  Immortal (Chrono Boost)  
  139  12:29  Probe  
  144  12:41  Pylon  
  144  12:46  Pylon  
  141  13:58  Nexus  
  141  14:08  Pylon  
  141  14:15  Pylon  
  111  14:33  High Templar x2  
  111  14:36  Probe (Chrono Boost)  
  104  14:41  Archon  
  84  14:54  Probe (Chrono Boost)  
  73  15:06  Probe (Chrono Boost)  
  70  15:13  Probe (Chrono Boost), High Templar x2  
  72  15:14  Probe (Chrono Boost)  
  72  15:18  Archon  
  72  15:23  Probe (Chrono Boost)  
  73  15:55  Nexus  
  73  16:04  High Templar x2  
  75  16:08  Probe  
  78  16:15  Probe  
  78  16:16  Archon  
  79  16:37  High Templar x2  
  79  16:38  Probe x2  
  85  16:42  Archon  
  85  17:10  Probe x3  
  88  17:18  High Templar x2  
  88  17:22  Probe  
  93  17:23  Probe x2  
  93  17:26  Pylon  
  95  17:30  Pylon  
  95  17:41  Assimilator  
  95  17:42  Assimilator  
  95  17:44  Assimilator  
  95  17:57  High Templar x2  
  94  18:06  Archon  
  94  18:07  Archon  
  94  18:10  Probe  
  94  18:11  Probe x2  
  97  18:19  Pylon  
  93  18:33  Probe  
  93  18:34  Probe x2  
  87  18:35  High Templar x2  
  86  18:42  Gateway  
  86  18:44  Gateway  
  86  18:47  Gateway  
  86  18:50  Pylon  
  86  18:53  Archon  
  86  18:57  Probe x3  
  86  19:00  Immortal  
  93  19:10  High Templar x2  
  93  19:14  Cybernetics Core  
  93  19:16  Archon  
  97  19:24  Probe x3  
  99  19:29  Nexus  
  100  19:32  Pylon  
  100  19:36  Pylon  
  100  19:37  Probe  
  101  19:43  Probe x2  
  103  19:47  High Templar x2  
  107  19:52  Archon  
  107  20:07  Dark Templar  
  109  20:20  Probe x3  
  112  20:32  Probe x3, Immortal  
  119  20:44  Probe x2  
  121  20:53  Stalker x3  
  121  20:56  Probe x2  
  129  21:00  Unknown  
  129  21:12  Immortal  
  133  21:29  Nexus  
  131  21:55  Nexus  
  131  21:56  Protoss Ground Weapons Level 3 (Chrono Boost)  
  131  21:57  Protoss Shields Level 3 (Chrono Boost)  
  131  21:58  Pylon  
  131  21:59  High Templar x3  
  137  22:02  Pylon  
  137  22:33  Archon  
  137  22:36  High Templar x3  
  143  22:38  Immortal  
  147  22:45  Archon x2  
  147  23:08  Probe x3  
  150  23:17  Probe x2  
  152  23:22  Probe  
  152  23:23  Probe x2  
  152  23:25  Dark Templar  
  152  23:26  High Templar x2  
  161  23:30  Archon  
  161  23:34  Immortal  
  165  23:47  Gateway  
  165  23:48  Gateway  
  165  23:50  Assimilator, Gateway  
  165  23:52  Assimilator  
  165  23:54  Gateway  
  165  23:57  Gateway  
  163  24:04  Stalker x3  
  163  24:08  Photon Cannon  
  169  24:12  Photon Cannon  
  169  24:14  Photon Cannon  
  169  24:19  Photon Cannon  
  169  24:27  Immortal  
  169  24:28  High Templar  
  169  24:29  High Templar x2  
  179  24:50  High Templar x3  
  185  24:53  Archon  
  185  24:54  Archon  
  185  24:55  Stalker x2  
  185  24:56  Probe x2  
  185  24:57  Probe x3  
  194  25:01  Archon  
  194  25:06  Observer  
  195  25:25  Immortal (Chrono Boost)  
  171  25:39  Stalker x2  
  171  25:40  Stalker x3  
  171  25:41  Stalker x4  
  171  25:42  Stalker x2  
  193  25:49  Nexus  
  184  25:52  Pylon  
  184  25:55  Pylon  
  184  25:56  Immortal (Chrono Boost)  
  162  26:06  High Templar x3  
  162  26:07  High Templar x3  
  162  26:08  High Templar x2  
  162  26:09  Stalker x2  
  162  26:11  Archon x2  
  177  26:12  Archon x2, Protoss Ground Armor Level 1 (Chrono Boost)  
  172  26:37  Stalker x3  
  158  27:06  Nexus  
  133  27:14  Assimilator  
  133  27:15  Assimilator  
  93  28:27  Nexus  
  61  29:50  Probe  
  58  31:33  Probe  
  51  32:27  Probe  
Show
View Real Time Build Order
Export as new Build Order

AlwaysSunny Zerg 

Build Orders: Hatch First 

Get SALT Encoding   

  12  0:00  Drone  
  13  0:14  Overlord  
  13  0:19  Drone  
  14  0:33  Drone x2  
  16  0:50  Hatchery  
  16  0:51  Drone  
  16  0:57  Drone  
  18  1:04  Drone  
  18  1:13  Spawning Pool  
  17  1:26  Drone x2  
  17  1:30  Drone  
  20  1:39  Extractor  
  19  1:41  Drone  
  20  1:52  Overlord  
  20  2:02  Drone x2  
  20  2:03  Queen x2  
  26  2:13  Drone x2  
  28  2:27  Hatchery  
  28  2:29  Zergling x4  
  30  2:37  Drone x2  
  31  2:44  Metabolic Boost  
  31  2:49  Drone x2  
  33  2:59  Drone x2  
  35  3:07  Overlord  
  35  3:13  Overlord  
  35  3:17  Drone  
  36  3:23  Overlord  
  36  3:25  Roach Warren, Queen  
  37  3:30  Drone x3  
  37  3:31  Drone x2  
  37  3:33  Drone  
  43  3:39  Lair  
  43  3:44  Spore Crawler  
  43  3:45  Drone  
  43  3:46  Drone  
  44  3:51  Spore Crawler  
  43  3:56  Drone x3  
  43  3:57  Drone  
  47  4:04  Drone x2  
  47  4:05  Drone x2  
  51  4:11  Drone  
  51  4:12  Drone  
  51  4:14  Drone  
  54  4:25  Drone x2  
  54  4:26  Drone  
  57  4:31  Extractor  
  57  4:32  Drone, Extractor  
  57  4:33  Drone  
  57  4:34  Spore Crawler  
  54  4:38  Zergling x4  
  56  4:46  Zergling x4  
  56  4:50  Zergling x2  
  56  4:51  Extractor  
  56  4:52  Hatchery  
  57  4:55  Zergling x2  
  57  4:57  Zergling x2  
  57  4:59  Drone  
  60  5:02  Queen  
  60  5:05  Drone  
  63  5:11  Roach, Extractor  
  63  5:12  Extractor  
  63  5:14  Glial Reconstitution  
  63  5:18  Drone x2  
  63  5:19  Overlord  
  63  5:20  Overlord x5  
  65  5:33  Baneling Nest  
  65  5:34  Overlord x3  
  64  5:37  Drone  
  64  5:38  Drone x2  
  67  5:45  Drone x5  
  72  5:55  Roach x2  
  76  5:58  Roach  
  76  6:00  Roach x4  
  86  6:21  Hatchery, Overlord  
  86  6:22  Overseer x2  
  85  6:25  Pneumatized Carapace  
  85  6:28  Baneling  
  85  6:29  Baneling x9  
  85  6:30  Baneling x5, Centrifical Hooks  
  85  6:34  Drone x3  
  85  6:35  Drone x2  
  85  6:36  Drone  
  91  6:41  Drone x4  
  91  6:45  Drone  
  91  6:46  Drone x3  
  99  6:47  Drone  
  100  6:59  Drone x8  
  100  7:00  Drone x2  
  110  7:12  Roach x3  
  116  7:22  Hatchery, Roach x2  
  119  7:26  Roach  
  119  7:28  Roach x2  
  125  7:35  Hatchery  
  124  7:40  Roach x5  
  124  7:41  Roach x3  
  124  7:42  Roach  
  142  7:48  Drone x5  
  142  7:49  Drone  
  139  8:00  Roach x5  
  139  8:04  Overlord x3  
  149  8:10  Overlord x3  
  149  8:19  Unknown  
  148  8:23  Roach x4  
  148  8:24  Roach  
  158  8:29  Roach x3  
  158  8:31  Evolution Chamber  
  158  8:32  Zergling x10  
  158  8:33  Zergling x2  
  158  8:34  Evolution Chamber  
  168  8:39  Roach x3  
  168  8:40  Roach  
  176  8:46  Drone x7  
  176  8:47  Drone x2  
  185  8:50  Roach x2  
  185  8:52  Roach  
  187  9:12  Zerg Missile Weapons Level 1, Zerg Ground Armor Level 1, Spire  
  186  9:27  Roach x3  
  192  9:33  Overlord x3  
  180  9:47  Hatchery  
  179  9:53  Hatchery  
  179  9:58  Roach x4  
  179  9:59  Roach x2  
  190  10:00  Infestation Pit  
  190  10:03  Roach x5  
  199  10:09  Hatchery, Hydralisk Den  
  199  10:13  Roach x2, Extractor  
  200  10:14  Extractor  
  195  10:35  Mutalisk  
  195  10:36  Mutalisk x2  
  195  10:38  Zerg Flyer Weapons Level 1  
  198  11:16  Roach x2  
  197  11:19  Roach, Mutalisk  
  197  11:20  Roach Warren  
  197  11:21  Spawning Pool  
  199  11:26  Spine Crawler  
  199  11:28  Spine Crawler  
  199  11:31  Roach  
  199  11:38  Roach x2  
  199  11:44  Ravager, Mutalisk  
  200  11:49  Roach  
  176  12:04  Roach x4  
  169  12:09  Mutalisk  
  169  12:10  Mutalisk x8  
  169  12:11  Mutalisk x7  
  187  12:19  Roach x4  
  193  12:25  Spine Crawler, Overlord x2  
  193  12:27  Hatchery, Overlord x3  
  193  12:28  Spine Crawler x2  
  193  12:29  Spine Crawler  
  186  12:31  Spine Crawler  
  182  12:37  Queen  
  182  12:42  Mutalisk  
  182  12:43  Mutalisk x6  
  191  12:51  Drone x3  
  178  13:07  Overlord x4  
  178  13:10  Hatchery  
  167  13:14  Queen  
  167  13:15  Hatchery, Queen  
  170  13:30  Spine Crawler, Drone  
  170  13:31  Drone x3  
  170  13:32  Spine Crawler, Hatchery  
  170  13:33  Spine Crawler  
  169  13:34  Spine Crawler  
  169  13:35  Spine Crawler x3  
  169  13:38  Spine Crawler  
  169  13:41  Drone x3  
  167  13:46  Drone x3  
  170  13:50  Drone x2  
  170  13:51  Queen  
  173  14:01  Drone  
  172  14:09  Lair  
  168  14:16  Roach  
  148  14:26  Drone  
  148  14:27  Queen  
  126  14:34  Drone  
  93  14:44  Drone  
  72  14:55  Drone  
  72  14:59  Roach Warren  
  48  15:03  Queen  
  48  15:05  Drone  
  33  15:16  Spawning Pool  
  33  15:17  Drone  
  30  15:25  Drone x3  
  29  15:29  Drone x5  
  34  15:37  Drone x3  
  34  15:38  Drone x2  
  39  15:46  Roach x2  
  43  15:55  Extractor  
  42  16:00  Spawning Pool  
  42  16:03  Zergling x8  
  45  16:11  Zergling x8  
  48  16:13  Zergling x2  
  50  16:20  Zergling x6  
  53  16:26  Zergling x4  
  53  16:29  Zergling x4  
  58  16:35  Spore Crawler  
  58  16:36  Zergling x2  
  58  16:37  Zergling x2  
  59  16:40  Zergling x2  
  59  16:46  Zergling x4  
  61  16:50  Zergling x2  
  60  17:08  Overlord x3  
  60  17:09  Overlord x3  
  60  17:15  Extractor  
  60  17:17  Extractor  
  60  17:18  Extractor  
  57  17:29  Zergling x10  
  64  17:30  Zergling x6  
  64  17:36  Roach Warren  
  62  17:51  Drone x6  
  64  17:53  Drone  
  68  18:00  Drone  
  68  18:01  Drone x4  
  73  18:08  Drone x2  
  74  18:24  Roach x2  
  74  18:25  Roach x2  
  79  18:28  Roach x2  
  79  18:29  Roach  
  77  18:34  Drone x3  
  77  18:37  Extractor  
  77  18:39  Extractor  
  77  18:40  Roach  
  79  18:44  Lair  
  79  18:47  Roach  
  81  18:52  Roach x2  
  81  18:55  Roach  
  87  18:57  Roach  
  87  19:02  Zergling x2  
  90  19:04  Roach  
  90  19:07  Roach  
  94  19:21  Roach x2  
  94  19:22  Roach  
  100  19:26  Hatchery  
  100  19:28  Drone x4  
  100  19:30  Drone  
  104  19:36  Roach x2  
  108  19:56  Roach  
  108  19:57  Roach x7  
  122  20:03  Drone x4  
  125  20:09  Drone x3  
  125  20:11  Roach  
  127  20:30  Drone x5  
  127  20:33  Drone  
  133  20:40  Drone x3  
  133  20:41  Hydralisk Den  
  135  20:45  Roach x2  
  135  20:49  Roach  
  141  20:51  Roach  
  141  20:56  Roach x2  
  147  20:57  Queen  
  147  21:01  Roach x2  
  147  21:03  Overseer  
  153  21:05  Roach x2  
  153  21:06  Roach x2  
  159  21:27  Roach x5  
  159  21:28  Roach x2  
  159  21:29  Spore Crawler  
  159  21:31  Spine Crawler  
  159  21:32  Spore Crawler  
  170  21:33  Roach  
  170  21:34  Roach x5  
  170  21:37  Spine Crawler  
  180  21:43  Drone x2  
  180  21:44  Drone x3  
  185  21:55  Roach x5  
  185  21:59  Roach x2  
  199  22:15  Roach  
  198  22:27  Roach x2  
  200  22:31  Unknown  
  199  22:48  Spire  
  198  22:54  Roach  
  198  22:55  Hatchery  
  196  23:06  Hatchery  
  180  23:13  Hatchery  
  180  23:14  Hydralisk  
  180  23:15  Hydralisk x8  
  180  23:16  Hydralisk  
  197  23:22  Zergling x4  
  199  23:47  Hatchery  
  196  23:50  Overseer x2  
  194  23:57  Spawning Pool  
  194  23:59  Hydralisk, Roach x2  
  194  24:00  Spine Crawler  
  194  24:01  Spore Crawler  
  197  24:09  Hydralisk  
  199  24:18  Evolution Chamber x2  
  199  24:19  Muscular Augments  
  199  24:22  Spore Crawler  
  199  24:23  Hydralisk x2  
  199  24:24  Spine Crawler  
  199  24:56  Drone  
  188  25:28  Drone x7  
  178  25:30  Mutalisk x6  
  178  25:31  Mutalisk x3  
  178  25:32  Spire  
  190  25:47  Mutalisk x2  
  190  25:48  Mutalisk x2  
  172  25:52  Drone  
  172  25:53  Drone x7  
  172  25:54  Drone x8  
  176  26:00  Drone x2  
  176  26:05  Drone x2  
  176  26:06  Spawning Pool  
  172  26:11  Drone x2  
  172  26:12  Drone x4  
  172  26:15  Drone x2  
  172  26:17  Overlord  
  168  26:27  Mutalisk x2  
  168  26:32  Drone x2  
  169  26:45  Mutalisk  
  169  26:46  Mutalisk  
  118  27:02  Zergling x8  
  118  27:03  Zergling x16  
  118  27:04  Zergling x4  
  126  27:13  Zergling x2  
  127  27:19  Spawning Pool  
  124  27:30  Zergling x6  
  124  27:31  Zergling x6  
  124  27:34  Queen x2  
  137  27:38  Zergling x6  
  136  27:47  Zergling x6  
  139  28:01  Zergling x4  
  135  28:17  Zergling x6  
  127  28:21  Zergling x2  
  118  28:28  Hatchery  
  118  28:32  Zergling x2  
  114  28:41  Queen  
  114  28:50  Zergling x2  
  89  29:03  Drone x2  
  89  29:04  Drone x2  
  82  29:10  Drone  
  82  29:23  Drone  
  83  29:24  Spawning Pool  
  83  29:25  Hatchery  
  80  29:34  Hatchery, Drone x2  
  80  29:35  Drone  
  82  29:42  Drone x2  
  83  30:09  Spawning Pool  
  83  30:10  Unknown, Drone  
  83  30:11  Hatchery, Drone x3  
  84  30:16  Lair  
  84  30:17  Roach Warren  
  84  30:18  Drone x4  
  84  30:19  Drone  
  88  30:31  Drone x2  
  90  30:39  Drone x2  
  92  30:47  Extractor  
  92  30:49  Extractor  
  90  30:50  Drone x5  
  95  31:00  Roach  
  95  31:01  Roach x2  
  91  31:06  Roach x2  
  91  31:09  Roach  
  93  31:13  Roach  
  97  31:19  Roach  
  97  31:22  Queen  
  97  31:24  Roach  
  100  31:26  Roach  
  100  31:27  Roach  
  98  31:34  Roach  
  98  31:35  Roach  
  98  31:39  Roach  
  108  31:41  Roach  
  110  31:52  Roach x4  
  110  31:53  Roach  
  114  31:57  Queen  
  114  31:59  Roach  
  116  32:08  Roach x2  
  76  32:18  Drone x3  
  73  32:22  Spawning Pool  
  73  32:28  Zergling x10  
  69  32:37  Hatchery  
  69  32:41  Drone x2  
  54  33:01  Drone x2  
  57  33:15  Hatchery  
Tags
 
Add a new tag
Caveats
  • Supply blocks, unpowered buildings, or Contaminate may cause inaccurate times.
  • Supply counts are checked every 10 seconds.